 Dungeon Crawl Stone Soup version 0.32-a0-913-g739538afd8 (webtiles) character file.

Game seed: 286937161670024450

72 Adrian566 the Slasher (level 4, 0/33 HPs)
             Began as a Demonspawn Gladiator on Apr 9, 2024.
             Slain by Terence
             ... wielding a +0 morningstar
              (10 damage)
             ... on level 2 of the Dungeon.
             The game lasted 00:01:48 (1914 turns).

Adrian566 the Slasher (Demonspawn Gladiator)        Turns: 1914, Time: 00:01:48

Health: 0/33       AC: 13    Str: 14    XL:     4   Next: 6%
Magic:  4/4        EV:  3    Int:  9    God:
Gold:   61         SH:  0    Dex: 16    Spells: 3/3 levels left

rFire   . . .        a - +0 long sword
rCold   . . .        (no shield)
rNeg    . . .        l - +0 plate armour
rPois   .            c - +0 helmet
rElec   .            (no cloak)
rCorr   .            (no gloves)
SInv    +            (no boots)
Will    .....        (no amulet) Stlth
                     j - ring of see invisible
HPRegen 0.25/turn    (no ring)
MPRegen 0.09/turn

%: no passive effects
@: wreathed by umbra
A: slimy green scales 1, foul shadow 1
a: no special abilities


You were on level 2 of the Dungeon.
You visited 1 branch of the dungeon, and saw 2 of its levels.

You collected 61 gold pieces.

Inventory:

Hand Weapons
 a - a +0 long sword (weapon)
Missiles
 d - 3 throwing nets (quivered)
 e - a javelin
Armour
 c - a +0 helmet (worn)
 l - a +0 plate armour (worn)
Jewellery
 j - a ring of see invisible (left hand)
 m - an amulet of magic regeneration
Scrolls
 b - a scroll of summoning {unknown}
 f - a scroll of enchant weapon {unknown}
 h - a scroll of noise
 i - a scroll of poison
 k - 2 scrolls of teleportation
 n - 2 scrolls of fog {unknown}
 o - 2 scrolls of identify {unknown}


   Skills:
 + Level 2.2 Fighting
 + Level 3.6 Long Blades
 - Level 1.8 Throwing
 + Level 1.2 Armour
 + Level 3.0 Dodging
 * Level 0.9 Stealth


You had 3 spell levels left.
You didn't know any spells.
Your spell library contained the following spells:

 Spells                   Type           Power      Damage    Failure   Level
 Inner Flame              Hex/Fire       0%         N/A       100%        3
 Flame Wave               Conj/Fire      0%         2d4       100%        4
 Sticky Flame             Fire/Alch      0%         2d4       100%        4


Dungeon Overview and Level Annotations

Branches:
Dungeon (2/15)

Altars:
Uskayaw

Shops:
D:2 (

Annotations:
D:2 Terence


Innate Abilities, Weirdness & Mutations

You are partially covered in slimy green scales. (AC +2)
You are faintly shadowed, very rarely releasing foul flame when damaged in melee.


Message History

You barely miss the kobold.
The kobold hits you but does no damage. x2
You hit the kobold.
You kill the kobold!
No target in view!
No target in view!
No target in view!
No target in view!
No target in view!
No target in view!
No target in view!
No target in view!
o - 2 scrolls labelled AMOPNODIXO (gained 1) Terence shouts!
Terence throws a stone.
The stone hits you but does no damage.
Terence is nearby!
Terence is nearby!
Terence throws a stone.
The stone hits you but does no damage.
Unknown command.
Found a stone staircase leading up.
Terence hits you with a +0 morningstar.
You barely miss Terence. Terence hits you with a +0 morningstar.
You hit Terence but do no damage. Terence hits you but does no damage.
You hit Terence but do no damage. Terence barely misses you.
You hit Terence but do no damage. Terence hits you but does no damage. x2
You hit Terence.
Terence is lightly wounded.
Terence barely misses you.
You slash Terence!
Terence is heavily wounded.
Terence hits you with a +0 morningstar!
You hit Terence.
Terence is heavily wounded.
Terence hits you with a +0 morningstar!
You hit Terence but do no damage.
Terence is heavily wounded.
Terence completely misses you. x2
You barely miss Terence.
Terence is heavily wounded.
Terence hits you with a +0 morningstar!
You die...
Terence says, "Time to find some more victims."

#.* ########## *,* #........# *,*
####.######.# *,* ........###.##
***##** **,** ####.........#
*,..>,* **,,,**
#.##.###..######.##*,* *,,,,,*
#............@....#*,* **,,,,,
#.#...###.)..@....#*,*****,*,*
#.#...# #............,,<,,,,,*
#.###.# #..........#.*****,***
#.#*#.#*#............* **+**
#..,...............##* **,,,**
****#.###..........# **,,,,,* #
**,*#.# #..........# **,,,,,,,
####...*,**#....<....##**,,,,,,,,
'......,,,,,,,,,,,,,,,,,+,,,,,,,,


You could see Terence.

Vanquished Creatures
  Jessica (D:2)
  2 ribbon worms (D:2)
  A dart slug (D:2)
  3 endoplasms
  2 giant cockroaches (D:2)
  3 goblins (D:1)
  4 hobgoblins
  A quokka (D:1)
  5 ball pythons (D:1)
  3 bats
  3 frilled lizards
  6 kobolds
  5 rats
39 creatures vanquished.

Notes
Turn   | Place    | Note
-------+----------+-------------------------------------------
     0 | D:1      | Adrian566 the Demonspawn Gladiator began the quest for the
                  | Orb.
     0 | D:1      | Reached XP level 1. HP: 16/16 MP: 1/1
   231 | D:1      | Gained mutation: You are faintly shadowed, very rarely
                  | releasing foul flame when damaged in melee. [demonic
                  | ancestry]
   231 | D:1      | Reached XP level 2. HP: 22/22 MP: 2/2
  1107 | D:2      | Noticed Jessica
  1111 | D:2      | Killed Jessica
  1112 | D:2      | Reached skill level 1 in Armour
  1112 | D:2      | Reached XP level 3. HP: 20/27 MP: 3/3
  1433 | D:2      | Found a hide-covered altar of Uskayaw.
  1510 | D:2      | Found Cuzih's Weapon Shop.
  1559 | D:2      | Gained mutation: You are partially covered in slimy green
                  | scales. (AC +2) [demonic ancestry]
  1559 | D:2      | Reached XP level 4. HP: 33/33 MP: 4/4
  1624 | D:2      | Noticed Terence
  1914 | D:2      | Slain by Terence

Illustrated notes

Levels and vault maps discovered:
D:1:      dpeg_arrival_tiny_f, layout_basic
D:2:      layout_loops_corners, serial_shops, shop, basic_altar, uniq_jessica,
          uniq_terence

Skill      XL: |  1  2 |
---------------+-------+-----
Long Blades    | 3 |  3.6
Armour         | 1 |  1.2
Dodging        | 3 |  3.0
Fighting       | |  2.2
Throwing       | |  1.8
Stealth        | |  0.9

Action                     |  1- 3 |  4- 6 || total
---------------------------+-------+-------++-------
  Melee: Long sword        |    93 |    17 ||   110
    Use: Scroll            |     4 |     1 ||     5
         Potion            |       |     1 ||     1
   Stab: Distracted        |     1 |       ||     1
 Armour: Scale mail        |    66 |       ||    66
         Leather armour    |     2 |       ||     2
         Plate armour      |    19 |    21 ||    40
  Dodge: Dodged            |    48 |     9 ||    57

Table legend: (Time is in decaauts)
 A = Elapsed time spent in this place.
 B = Non-inter-level travel time spent in this place.
 C = Inter-level travel time spent in this place.
 D = Time resting spent in this place.
 E = Time spent auto-exploring this place.
 F = Levels seen in this place.
 G = Mean time per level.
                   A        B        C        D        E       F      G
               +--------+--------+--------+--------+--------+-----+--------+
         Total |   1940 |   1908 |     32 |    282 |   1306 |   2 |  970.0 |
       Dungeon |   1940 |   1908 |     32 |    282 |   1306 |   2 |  970.0 |
               +--------+--------+--------+--------+--------+-----+--------+

Top non-repeatable levels by time:
     D:1: 1011 daAuts
     D:2: 928 daAuts
